 Dungeon Crawl Stone Soup version 0.28.0-43-g3370ac3207 (webtiles) character file.

Game seed: 8188417047431660634

13083 DoubleLucky the Arsonist (level 11, -4/97 HPs)
             Began as a Black Draconian Fire Elementalist on Mar 20, 2022.
             Was a Priest of Vehumet.
             Slain by a bullfrog (6 damage)
             ... on level 11 of the Dungeon on Mar 24, 2022.
             The game lasted 01:09:30 (18392 turns).

DoubleLucky the Arsonist (DrFE)                    Turns: 18392, Time: 01:09:31

Health: -4/97      AC: 13    Str: 11    XL:     11   Next: 70%
Magic:  10/24      EV: 14    Int: 19    God:    Vehumet [***...]
Gold:   234        SH:  0    Dex: 12    Spells: 12/28 levels left

rFire   + . .      SeeInvis .   u - staff of fire
rCold   . . .      Faith    .   (no shield)
rNeg    . . .      Spirit   .   (armour unavailable)
rPois   +          Reflect  .   (helmet restricted)
rElec   +          Harm     .   r - +0 cloak
rCorr   .          Rampage  .   N - +0 pair of gloves {infuse}
Will    .....                   (no boots)
Stlth   ++........              (no amulet)
HPRegen 0.26/turn               v - +4 ring of protection
MPRegen 0.19/turn               B - ring of poison resistance

@: about to teleport
A: breathe lightning, AC +7, unfitting armour, electricity resistance,
cold-blooded
a: Breathe Lightning, Renounce Religion


You were on level 11 of the Dungeon.
You worshipped Vehumet.
Vehumet was most pleased with you.
You visited 3 branches of the dungeon, and saw 14 of its levels.
You also visited: Sewer.

You collected 639 gold pieces.
You spent 405 gold pieces at shops.

Inventory:

Hand Weapons
 D - a +1 vampiric short sword
 Q - the +3 rapier "Arbiter" {freeze, rF+ Dex+4}
   (You found it on level 10 of the Dungeon)

   It freezes those it strikes, dealing additional cold damage.
   It can also slow down cold-blooded creatures.
   Dex:       It affects your dexterity (+4).
   rF:        It protects you from fire.
Missiles
 c - 38 poisoned darts
 G - 2 curare-tipped darts
 R - a throwing net (quivered)
Armour
 r - a +0 cloak (worn)
 N - a +0 pair of gloves of infusion (worn)
Magical Staves
 u - a staff of fire (weapon)
Jewellery
 v - a +4 ring of protection (left hand)
 B - a ring of poison resistance (right hand)
 I - a ring of protection from fire
Wands
 f - a wand of iceblast (40)
 l - a wand of mindburst (6)
 x - a wand of flame (38)
 M - a wand of acid (6)
Scrolls
 a - a scroll of teleportation
 b - 2 scrolls of silence {unknown}
 d - a scroll of fear
 g - 2 scrolls of magic mapping
 i - 3 scrolls of torment {unknown}
 j - 2 scrolls of blinking
 k - a scroll of acquirement {unknown}
 n - a scroll of holy word {unknown}
 w - a scroll of brand weapon {unknown}
 y - 5 scrolls of fog
 F - 3 scrolls of enchant weapon {unknown}
 H - 2 scrolls of noise {unknown}
 J - 3 scrolls of immolation {unknown}
 K - a scroll of enchant armour {unknown}
 L - 3 scrolls of summoning {unknown}
 P - a scroll of amnesia {unknown}
 S - 2 scrolls of identify
Potions
 e - a potion of cancellation {unknown}
 h - a potion of mutation {unknown}
 m - 3 potions of ambrosia
 o - 3 potions of might
 p - 2 potions of berserk rage
 q - 3 potions of attraction {unknown}
 s - 3 potions of invisibility {unknown}
 t - 5 potions of curing
 z - a potion of resistance {unknown}
 A - 2 potions of haste {unknown}
 C - a potion of flight {unknown}
 E - a potion of brilliance
 O - 2 potions of degeneration {unknown}


   Skills:
 + Level 9.5 Fighting
 + Level 2.3 Short Blades
 + Level 5.5 Dodging
 - Level 1.7 Stealth
 + Level 9.4 Spellcasting
 - Level 6.2 Conjurations
 - Level 10.0 Fire Magic
 - Level 5.0 Air Magic


You had 12 spell levels left.
You knew the following spells:

 Your Spells              Type           Power      Damage    Failure   Level
a - Foxfire               Conj/Fire      100%       2x1d9     1%          1
b - Scorch                Fire           100%       2d10      1%          2
c - Conjure Flame         Conj/Fire      56%        6-21      1%          3
d - Inner Flame           Hex/Fire       42%        N/A       1%          3
e - Swiftness             Air            28%        N/A       3%          3
f - Poisonous Vapours     Pois/Air       36%        N/A       1%          2
g - Static Discharge      Conj/Air       30%        N/A       1%          2

Your spell library contained the following spells:

 Spells                   Type           Power      Damage    Failure   Level
 Shock                    Conj/Air       100%       1d9       1%          1
 Flame Wave               Conj/Fire      56%        2d11      1%          4
 Airstrike                Air            14%        N/A       2%          4
 Animate Skeleton         Necr           18%        N/A       8%          1
 Apportation              Tloc           18%        N/A       8%          1
 Pain                     Necr           36%        1d5       8%          1
 Summon Small Mammal      Summ           36%        N/A       8%          1
 Gell's Gravitas          Tloc           9%         N/A       24%         3
 Teleport Other           Tloc           9%         N/A       24%         3
 Agony                    Necr           9%         N/A       91%         5
 Excruciating Wounds      Necr           4%         N/A       91%         5
 Dispersal                Tloc           4%         N/A       100%        6
 Malign Gateway           Summ/Tloc      4%         N/A       100%        7
 Summon Horrible Things   Summ           4%         N/A       100%        8


Dungeon Overview and Level Annotations

Branches:
Dungeon (12/15)            Temple (1/1) D:4            Lair (1/6) D:11
    Orc (0/2) D:12          Sewer (visited)

Altars:
Ashenzari
Cheibriados
Dithmenos
Fedhas
Gozag
Kikubaaqudgha
Nemelex Xobeh
Okawaru
Qazlal
Ru
Sif Muna
Trog
Uskayaw
Vehumet
Wu Jian
Xom
Yredelemnul
Zin
The Shining One

Shops:
D:2 **[   D:4 (!*

Annotations:
D:9 Erolcha


Innate Abilities, Weirdness & Mutations

You can breathe wild blasts of lightning.
Your glossy black scales are hard. (AC +7)
You cannot fit into any form of body armour.
You are resistant to electric shocks. (rElec)
You are cold-blooded and may be slowed by cold attacks.


Message History

The four-headed hydra roars!
The bullfrog hits you but does no damage.
The yak gores you!
* * * LOW HITPOINT WARNING * * *
The yak gores you but does no damage. The basilisk gazes at you.
You resist with some effort. The bullfrog hits you.
* * * LOW HITPOINT WARNING * * *
The yak gores you but does no damage. The basilisk gazes at you.
The bullfrog hits you but does no damage.
The yak gores you but does no damage.
The basilisk bites you but does no damage.
The bullfrog hits you but does no damage.
The yak gores you!
* * * LOW HITPOINT WARNING * * *
The basilisk bites you but does no damage.
The yak gores you.
* * * LOW HITPOINT WARNING * * *
The bullfrog hits you but does no damage.
The basilisk gazes at you. You resist with some effort.
The yak gores you but does no damage.
The basilisk bites you but does no damage.
The bullfrog hits you but does no damage.
The yak gores you but does no damage. The basilisk bites you!
* * * LOW HITPOINT WARNING * * *
The bullfrog barely misses you. The yak barely misses you.
The basilisk bites you.
* * * LOW HITPOINT WARNING * * *
The yak gores you but does no damage.
The bullfrog hits you but does no damage.
The basilisk bites you!
* * * LOW HITPOINT WARNING * * *
You turn to flesh and can move again.
You climb upwards.
Welcome back to the Dungeon!
There is a staircase to the Lair here.
As you read the scroll of teleportation, it crumbles to dust.
You feel strangely unstable. The bullfrog hits you.
You die...

#..## #########+## ##..#
#..........# ##.# +..........#
###.##### #..........#####
#.......#### #..........'..[#
#.......#...
#..........###l####.........##
#..........##FYY..#.......###
#..........##@###.)..<....#
########'###### ###^.....<#
#.O.# ######### #.###
#####.##### #.........# ##
#.........# .# #.........# .#
#.........#


You could see 2 yaks, a basilisk and a bullfrog.

Vanquished Creatures
  5 two-headed ogres
  A cyclops (D:12)
  2 centaur zombies
  An elephant (Lair:1)
  Maurice (D:8)
  Maggie (D:7)
  A troll (D:10)
  A hornet (D:8)
  Grinder (D:4)
  A wraith (D:12)
  2 shadows
  2 steam dragons
  2 vampires
  Eustachio (D:4)
  A wyvern (D:11)
  9 yaks
  A basilisk (shapeshifter) (D:11)
  6 vampire mosquitoes
  An acid dragon (D:12)
  3 sky beasts
  6 black bears
  A hornet zombie (D:7)
  2 ogres
  4 orc warriors
  A necrophage (D:4)
  3 centaurs
  2 phantoms
  6 kobold brigands
  4 bullfrogs
  2 scorpions (D:6)
  A wyvern skeleton (D:7)
  13 killer bees
  3 wights
  7 howler monkeys
  A hound (D:5)
  A gnoll shaman (D:8)
  5 orc priests
  A centaur skeleton (D:6)
  2 orc wizards
  2 howler monkey zombies
  11 gnolls
  10 adders
  3 river rats (Sewer)
  2 shadow imps (D:6)
  3 white imps
  An ufetubus (D:4)
  An adder zombie (D:5)
  5 worms
  29 orcs
  12 bats
  13 endoplasms
  7 giant cockroaches
  13 goblins
  6 hobgoblins
  2 jackals (D:5)
  18 kobolds
  5 quokkas
  9 ball pythons
  3 frilled lizards
  10 rats
  2 foxfires (D:8)
275 creatures vanquished.

Vanquished Creatures (collateral kills)
  4 foxfires
4 creatures vanquished.

Vanquished Creatures (others)
  1024 foxfires
  5 plants
1029 creatures vanquished.

Grand Total: 1308 creatures vanquished

Notes
Turn   | Place    | Note
-------+----------+-------------------------------------------
     0 | D:1      | DoubleLucky the Draconian Fire Elementalist began the quest
                  | for the Orb.
     0 | D:1      | Reached XP level 1. HP: 14/14 MP: 3/3
   308 | D:1      | Reached XP level 2. HP: 20/20 MP: 0/5
  1022 | D:2      | Found a faded altar of an unknown god.
  1221 | D:2      | Reached XP level 3. HP: 26/26 MP: 2/6
  1413 | D:2      | Found Hoytis's General Store.
  1526 | D:2      | Found Buemuizi's Assorted Antiques.
  1564 | D:2      | Bought a scroll labelled NAUF IDUCUULE for 21 gold pieces
  1607 | D:2      | Found Lygicse's Antique Armour Shop.
  1710 | D:2      | Noticed a phantom
  1719 | D:2      | Killed a phantom
  1720 | D:2      | Reached skill level 4 in Fire Magic
  1720 | D:2      | Reached XP level 4. HP: 33/33 MP: 0/8
  2129 | D:2      | Reached XP level 5. HP: 31/38 MP: 0/9
  2132 | D:2      | Learned a level 2 spell: Scorch
  3245 | D:3      | Noticed a black bear
  3252 | D:3      | Killed a black bear
  3253 | D:3      | Reached XP level 6. HP: 45/45 MP: 3/11
  3547 | D:4      | Noticed Grinder
  3595 | D:4      | Found Zoetawyrha's Distillery.
  3705 | D:2      | Bought a scroll of identify for 24 gold pieces
  3871 | D:4      | Found Qoaw's Weapon Boutique.
  4064 | D:4      | Reached skill level 5 in Fire Magic
  4135 | D:4      | Noticed Eustachio
  4141 | D:4      | Killed Eustachio
  4142 | D:4      | Your scales start taking on a glossy black colour.
  4142 | D:4      | Reached XP level 7. HP: 50/50 MP: 3/13
  4142 | D:4      | Gained mutation: You are resistant to electric shocks.
                  | (rElec) [Black Draconian growth]
  4143 | D:4      | Found Abaanavohy's Assorted Antiques.
  4355 | D:4      | HP: 1/48 [wight/+4 vorpal hand axe (4)]
  4356 | D:5      | Entered Level 5 of the Dungeon
  4520 | D:5      | Found an opulent altar of Gozag.
  4520 | D:5      | Found a glowing golden altar of the Shining One.
  4713 | D:5      | Reached skill level 1 in Fighting
  4770 | D:5      | Learned a level 3 spell: Conjure Flame
  4997 | D:5      | Reached skill level 5 in Spellcasting
  4997 | D:5      | Reached skill level 5 in Conjurations
  5207 | D:5      | Reached skill level 6 in Fire Magic
  5207 | D:5      | Reached XP level 8. HP: 61/61 MP: 6/15
  5748 | D:5      | Found an ornate altar of the Wu Jian Council.
  6247 | D:4      | Paralysed by Grinder for 7 turns
  6256 | D:4      | Killed Grinder
  6349 | D:4      | Found a staircase to the Ecumenical Temple.
  6355 | Temple   | Entered the Ecumenical Temple
  6368 | Temple   | Became a worshipper of Vehumet
  7028 | D:6      | Reached skill level 7 in Fire Magic
  7028 | D:6      | Reached XP level 9. HP: 72/72 MP: 2/18
  7268 | D:6      | Reached skill level 1 in Air Magic
  7294 | D:6      | Found a glowing drain.
  7305 | Sewer    | Entered a sewer
  7663 | Sewer    | Reached skill level 5 in Fighting
  7716 | Sewer    | Reached * piety under Vehumet
  7716 | Sewer    | Offered knowledge of Sandblast by Vehumet.
  8706 | D:6      | Found a hide-covered altar of Uskayaw.
  9282 | D:7      | Noticed Maggie
  9315 | D:7      | Killed Maggie
  9583 | D:7      | Offered knowledge of Static Discharge by Vehumet.
  9587 | D:7      | Learned a level 2 spell: Static Discharge
  9766 | D:7      | Reached ** piety under Vehumet
 10262 | D:7      | Reached skill level 8 in Fire Magic
 10501 | D:7      | Reached XP level 10. HP: 73/83 MP: 11/20
 10505 | D:7      | Learned a level 3 spell: Swiftness
 10787 | D:8      | Noticed Maurice
 10800 | D:8      | Killed Maurice
 11360 | D:8      | Reached skill level 5 in Air Magic
 11551 | D:8      | Found a shadowy altar of Dithmenos.
 11551 | D:8      | Found a stormy altar of Qazlal.
 11558 | D:8      | Found a blossoming altar of Fedhas.
 11560 | D:8      | Found a snail-covered altar of Cheibriados.
 11562 | D:8      | Found a faded altar of an unknown god.
 11825 | D:2      | Bought a pair of runed gloves for 180 gold pieces
 11922 | D:4      | Bought a potion of curing for 36 gold pieces
 11922 | D:4      | Bought a potion of brilliance for 48 gold pieces
 11922 | D:4      | Bought a potion of ambrosia for 96 gold pieces
 12804 | D:9      | Noticed a two-headed ogre
 12875 | D:9      | Reached skill level 5 in Dodging
 12884 | D:9      | Reached skill level 9 in Fire Magic
 13103 | D:9      | Offered knowledge of Poisonous Vapours by Vehumet.
 13107 | D:9      | Learned a level 2 spell: Poisonous Vapours
 13205 | D:9      | Killed a two-headed ogre
 13266 | D:9      | Learned a level 3 spell: Inner Flame
 13374 | D:9      | Noticed Erolcha
 13399 | D:10     | Entered Level 10 of the Dungeon
 13527 | D:10     | Noticed a two-headed ogre
 13543 | D:10     | Killed a two-headed ogre
 13544 | D:10     | Reached XP level 11. HP: 94/94 MP: 8/23
 14065 | D:10     | Reached *** piety under Vehumet
 14679 | D:10     | Found a bloodstained altar of Trog.
 14723 | D:10     | Identified the +3 rapier "Arbiter" {freeze, rF+ Dex+4}
 15168 | D:11     | Noticed a two-headed ogre
 15578 | D:11     | Killed a two-headed ogre
 15757 | D:11     | Found a staircase to the Lair.
 15844 | D:11     | Noticed a boulder beetle
 15844 | D:11     | Noticed a two-headed ogre
 15920 | D:11     | Killed a two-headed ogre
 15921 | D:11     | Reached skill level 10 in Fire Magic
 16181 | D:11     | Identified the +8 flail of Rease {spect, rF+ Dex+2}
 16656 | D:12     | Noticed a two-headed ogre
 16702 | D:12     | Killed a two-headed ogre
 16703 | D:12     | Reached skill level 1 in Short Blades
 17086 | D:12     | Found a staircase to the Orcish Mines.
 18360 | Lair:1   | Entered Level 1 of the Lair of Beasts
 18385 | Lair:1   | Noticed a four-headed hydra
 18390 | Lair:1   | HP: 2/97 [basilisk (6)]
 18392 | D:11     | Slain by a bullfrog

Illustrated notes

Levels and vault maps discovered:
D:1:      lemuel_arrival_behind_the_door_small, layout_loops_ring
D:2:      layout_loops_corners, serial_shops, nicolae_shop_crystal,
          nicolae_shop_waterfront, shop, chequers_ecumenical_altar_simple_redux
D:3:      layout_rooms, kennysheep_doodads
D:4:      layout_basic, minmay_temple_entry_enclosed_plants, serial_shops,
          nicolae_shop_bloodbath_and_beyond, nicolae_shop_overgrown_old_shop,
          nicolae_shop_trees, chequers_mini_garden, kennysheep_generic_room_16,
          uniq_grinder, uniq_eustachio
D:5:      layout_cave_pools, mainiacjoe_overflow_alcove_1, jmf_multi_god_temple,
          minivault_26, hangedman_decor_peaks_small, roderic_batcave,
          grunt_decor_fettered, grunt_ministairs_4, minivault_23,
          serial_bayou_lagoon_a
D:6:      layout_basic, nicolae_overflow_crystal_walls, gup_sewer_entry_pipe
D:7:      minmay_inner_zag, layout_loops_corners, uniq_maggie
D:8:      layout_rooms, chequers_temple_overflow_minitemple, uniq_maurice
D:9:      layout_rooms, uniq_erolcha
D:10:     layout_layer_cave, tgw_trog
D:11:     layout_roguey, lair_entry_dummy, nicolae_uskayaw_dance_studio
D:12:     layout_stronghold, orc_0_dummy
Temple:   cyrus_circular_temple
Lair:1:   layout_hall_layers

Skill      XL: |  1  2  3  4  5  6  7  8  9 10 11 |
---------------+----------------------------------+-----
Spellcasting   | 3 4 5 6 7 8 9 |  9.4
Conjurations   | 2 3 4 5 6 |  6.2
Fire Magic     | 4 5 6 7 8 9 10 | 10.0
Fighting       | 2 4 6 8 9 |  9.5
Dodging        | 3 5 |  5.5
Air Magic      | 4 5 |  5.0
Short Blades   | 2 |  2.3
Stealth        | |  1.7

Action                   |  1- 3 |  4- 6 |  7- 9 | 10-12 || total
-------------------------+-------+-------+-------+-------++-------
Melee: Dagger            |    29 |     4 |       |       ||    33
       Tailslap          |     3 |       |     3 |     1 ||     7
       Staff             |       |       |    25 |    11 ||    36
       Rapier            |       |       |       |     1 ||     1
 Cast: Foxfire           |    56 |    99 |   249 |   262 ||   666
       Scorch            |       |     7 |    53 |    80 ||   140
       Conjure Flame     |       |       |    25 |    28 ||    53
       Static Discharge  |       |       |     2 |    29 ||    31
       Inner Flame       |       |       |       |    19 ||    19
       Swiftness         |       |       |       |     6 ||     6
       Poisonous Vapours |       |       |       |     9 ||     9
 Abil: Breathe Lightning |       |       |     4 |     3 ||     7
  Use: Scroll            |       |     6 |     4 |     6 ||    16
       Potion            |       |       |     1 |     3 ||     4
Armor: Skin              |    11 |     5 |    32 |   111 ||   159
Dodge: Dodged            |    25 |    10 |    56 |   163 ||   254
